 Dungeon Crawl Stone Soup version 0.25.1-2-g60ff931df9 (webtiles) character file.

Game seed: 14446303090477367770

14938 DerDa the Destroyer (level 11, -15/89 HPs)
             Began as a Red Draconian Conjurer on Nov 13, 2020.
             Was a Priest of Vehumet.
             Killed from afar by a rime drake (31 damage)
             ... with a flash freeze
             ... on level 2 of the Lair of Beasts.
             The game lasted 00:44:02 (14695 turns).

DerDa the Destroyer (Red Draconian Conjurer)       Turns: 14695, Time: 00:44:02

Health: -15/89     AC: 15    Str:  8    XL:     11   Next: 95%
Magic:  5/25       EV: 15    Int: 20    God:    Vehumet [***...]
Gold:   1359       SH:  0    Dex: 15    Spells: 11/30 levels left

rFire    + + .     SeeInvis .   Q - +4 flail (drain)
rCold    x . .     Gourm    .   (no shield)
rNeg     . . .     Faith    .   (armour unavailable)
rPois    .         Spirit   .   J - +1 hat
rElec    .         Reflect  .   e - +2 cloak
rCorr    .         Harm     .   u - +0 pair of gloves
MR       +....                  I - +2 pair of boots of the Eight Boll Weevils {Str-2 Dex+4 Slay+5}
Stlth    ++........             (no amulet)
HPRegen  0.24/turn              D - ring of fire
MPRegen  0.19/turn              B - ring of protection from magic

@: short of breath, very slightly contaminated
A: breathe fire, unfitting armour, fire resistance 1, cold-blooded, AC +7
a: Breathe Fire, Renounce Religion


You were on level 2 of the Lair of Beasts.
You worshipped Vehumet.
Vehumet was most pleased with you.
You were hungry.

You visited 3 branches of the dungeon, and saw 14 of its levels.

You collected 2084 gold pieces.
You spent 725 gold pieces at shops.

Inventory:

Hand Weapons
 f - a +2 whip of electrocution
 v - a +0 hunting sling
 E - a +1 long sword of electrocution
 P - a +4 dagger of venom
 Q - a +4 flail of draining (weapon)
Missiles
 d - 37 bolts
 l - 113 sling bullets
 A - 57 poisoned darts (quivered)
Armour
 e - a +2 cloak (worn)
 h - a scarf of invisibility
 u - a +0 pair of gloves (worn)
 w - a +0 pair of boots
 I - the +2 pair of boots of the Eight Boll Weevils (worn) {Str-2 Dex+4 Slay+5}
   (You bought it in a shop on level 8 of the Dungeon)

   It affects your strength (-2).
   It affects your dexterity (+4).
   It affects your accuracy and damage with ranged weapons and melee attacks
   (+5).
 J - a +1 hat (worn)
Magical Staves
 Y - an uncursed staff of energy
Jewellery
 B - a ring of protection from magic (right hand)
 D - a ring of fire (left hand)
Wands
 r - a wand of iceblast (7)
 G - a wand of flame (12)
 H - a wand of enslavement (9)
 S - a wand of acid (8)
 U - a wand of paralysis (7)
Scrolls
 a - a scroll of fog
 g - a scroll of immolation
 n - 7 scrolls of enchant armour
 o - 5 scrolls of remove curse
 y - 4 scrolls of magic mapping
 z - 5 scrolls of amnesia
 C - 8 scrolls of teleportation
 F - a scroll of enchant weapon
 M - a scroll of silence
 O - 2 scrolls of identify
 R - 2 scrolls of brand weapon {unknown}
 X - a scroll of fear {unknown}
Potions
 c - a potion of resistance
 i - a potion of stabbing
 j - a potion of invisibility
 k - 5 potions of might
 m - 2 potions of lignification
 p - 3 potions of curing
 q - 5 potions of haste
 s - a potion of magic
 t - 2 potions of cancellation {unknown}
 x - 5 potions of heal wounds
 K - 3 potions of berserk rage {unknown}
 L - a potion of flight {unknown}
 N - 2 potions of mutation {unknown}
 V - a potion of brilliance {unknown}
Miscellaneous
 T - a box of beasts
Comestibles
 b - 29 rations
 W - 5 chunks of flesh


   Skills:
 + Level 6.2 Fighting
 + Level 5.6 Dodging
 - Level 1.7 Stealth
 * Level 10.0 Spellcasting
 * Level 11.2 Conjurations
 - Level 5.0 Hexes
 + Level 4.8 Translocations
 * Level 3.0 Fire Magic
 + Level 4.8 Evocations


You had 11 spell levels left.
You knew the following spells:

 Your Spells              Type           Power        Failure   Level  Hunger
a - Magic Dart            Conj           ####         1%          1    None
b - Searing Ray           Conj           ######       1%          2    None
c - Dazzling Flash        Conj/Hex       #####.       1%          3    None
d - Fulminant Prism       Conj/Hex       #####.....   1%          4    ##.....
e - Iskenderun's Mystic   Conj/Tloc      #####...     1%          4    ##.....
f - Fireball              Conj/Fire      ######....   2%          5    ####...

Your spell library contained the following spells:

 Spells                   Type           Power        Failure   Level  Hunger
 Conjure Flame            Conj/Fire      ######..     1%          3    None
 Corona                   Hex            ####...      1%          1    None
 Slow                     Hex            ####....     1%          2    None
 Inner Flame              Hex/Fire       #####...     1%          3    None
 Portal Projectile        Hex/Tloc       ####..       2%          3    None
 Cause Fear               Hex            ####......   9%          4    ##.....
 Call Imp                 Summ           ##......     11%         2    None
 Leda's Liquefaction      Hex/Erth       ###.......   24%         4    ##.....
 Summon Ice Beast         Ice/Summ       ##......     56%         4    ##.....
 Summon Forest            Summ/Tloc      ###.......   58%         5    ####...


Dungeon Overview and Level Annotations

Branches:
Dungeon (11/15)            Temple (1/1) D:7            Lair (2/6) D:8
    Orc (0/2) D:9
  Swamp: Lair:2-4    Shoals: Lair:2-4     Snake: Lair:2-4    Spider: Lair:2-4

Altars:
Ashenzari
Cheibriados
Dithmenos
Elyvilon
Fedhas
Gozag
Hepliaklqana
Kikubaaqudgha
Makhleb
Nemelex Xobeh
Okawaru
Qazlal
Ru
Sif Muna
Trog
Uskayaw
Vehumet
Wu Jian
Xom
Yredelemnul
Zin
The Shining One

Shops:
D:6 =[   D:7 ((?   D:8 [


Innate Abilities, Weirdness & Mutations

You can breathe blasts of fire.
Your fiery red scales are hard. (AC +7)
You cannot fit into any form of body armour.
Your flesh is heat resistant. (rF+)
You are cold-blooded and may be slowed by cold attacks.


Message History

The elephant trunk-slaps you but does no damage.
You thump the elephant! You tail-slap the elephant.
The elephant is almost dead.
The rime drake breathes ice at you. The flash freeze hits you!!
You feel a painful chill!
* * * LOW HITPOINT WARNING * * *
You are encased in ice.
The elephant tramples you but does no damage.
The elephant trunk-slaps you but does no damage.
A lava snake comes into view.
The elephant tramples you but does no damage.
The elephant barely misses you.
The rime drake bites you but does no damage.
Found 28 stones.
The ice encasing you melts away. The rime drake barely misses you.
The rime drake completely misses you. The rime drake breathes ice at you.
The flash freeze hits you!!
You feel a painful chill!
You die...

.......#...# ##.
.P#....#.... .....^.
........... .......
.......#..+##......#
...#...P....#......#
#................# ..
#....#....#....... .P.
#...@.P..#......#
....####...PPk##.......#
...P.#≈P....Y..........#
.......≈≈..#....####.#(P
....≈≈≈≈≈≈††###..# #
....≈≈≈≈≈≈≈≈.##.....
..≈≈≈≈≈≈≈≈≈≈.#.......
...≈≈≈...≈≈≈..#.......
..≈≈≈≈.>≈≈≈≈≈##..$..§.


You could see an elephant and a rime drake (catching breath).

Vanquished Creatures
  Fannar (D:10)
  A hydra (Lair:1)
  2 two-headed ogres
  A centaur warrior (D:11)
  An unseen horror (D:11)
  A manticore (D:11)
  3 spiny frogs (Lair:1)
  A centaur skeleton (D:11)
  A rime drake (Lair:2)
  2 komodo dragons
  A merfolk (D:9)
  A troll (D:10)
  5 blink frogs (Lair:1)
  4 hippogriffs
  A shadow (D:11)
  2 wyverns
  A basilisk (Lair:1)
  A hungry ghost (D:9)
  4 yaks (D:11)
  A steam dragon (D:11)
  Edmund (D:6)
  2 water moccasins
  3 ice beasts
  2 sky beasts
  Duvessa (D:6)
  A porcupine (Lair:1)
  3 orc warriors
  2 phantoms (D:4)
  4 ogres
  5 centaurs
  A gnoll sergeant (D:11)
  6 bullfrogs
  Dowan (D:6)
  4 scorpions
  3 wights (D:8)
  2 howler monkeys (D:8)
  2 centaur zombies
  2 crimson imps
  3 quasits
  A bullfrog zombie (D:8)
  10 hounds
  7 orc priests
  Crazy Yiuf (D:7)
  2 jellies
  2 bullfrog skeletons (D:5)
  19 orc wizards
  2 iguanas (D:7)
  6 worker ants
  3 hound skeletons
  Robin (D:2)
  2 worker ant zombies
  A howler monkey skeleton (D:7)
  16 adders
  9 gnolls
  A shadow imp (D:6)
  An ooze (D:5)
  3 adder zombies
  2 adder skeletons
  5 worms
  2 dart slugs
  6 leopard geckos
  28 orcs
  4 giant cockroaches
  11 goblins (D:2)
  7 hobgoblins
  13 jackals
  3 quokkas
  9 ball pythons
  2 bats (D:2)
  3 frilled lizards
  A giant cockroach zombie (D:6)
  15 kobolds
  A quokka skeleton (D:5)
  7 rats
  A fungus (D:7)
290 creatures vanquished.

Vanquished Creatures (others)
  29 fulminant prisms
29 creatures vanquished.

Grand Total: 319 creatures vanquished

Notes
Turn   | Place    | Note
-------+----------+-------------------------------------------
     0 | D:1      | DerDa the Draconian Conjurer began the quest for the Orb.
     0 | D:1      | Reached XP level 1. HP: 14/14 MP: 3/3
   685 | D:1      | Reached XP level 2. HP: 20/20 MP: 0/5
  1104 | D:2      | Reached XP level 3. HP: 26/26 MP: 0/7
  1108 | D:2      | Learned a level 2 spell: Searing Ray
  1112 | D:2      | Learned a level 3 spell: Dazzling Flash
  1281 | D:2      | Found a shadowy altar of Dithmenos.
  1362 | D:2      | Noticed Robin
  1372 | D:2      | Killed Robin
  1613 | D:2      | Found a hazy altar of Hepliaklqana.
  1613 | D:2      | Found a glowing golden altar of the Shining One.
  1745 | D:2      | Found a stormy altar of Qazlal.
  1822 | D:2      | Reached XP level 4. HP: 33/33 MP: 4/8
  2393 | D:3      | Reached skill level 5 in Conjurations
  3085 | D:4      | HP: 1/33 [poisoned by a scorpion]
  3189 | D:4      | Reached XP level 5. HP: 11/38 MP: 0/10
  3242 | D:4      | Noticed a phantom
  3673 | D:4      | Noticed a phantom
  3835 | D:4      | Reached XP level 6. HP: 40/45 MP: 3/12
  3997 | D:4      | Reached skill level 6 in Conjurations
  4237 | D:5      | Entered Level 5 of the Dungeon
  4251 | D:5      | Reached skill level 5 in Spellcasting
  4283 | D:5      | Noticed an ice beast
  4284 | D:5      | Your scales start taking on a fiery red colour.
  4284 | D:5      | Reached XP level 7. HP: 50/50 MP: 5/14
  4284 | D:5      | Gained mutation: Your flesh is heat resistant. (rF+) [Red
                  | Draconian growth]
  4438 | D:5      | Reached skill level 7 in Conjurations
  4993 | D:5      | Found a snail-covered altar of Cheibriados.
  4995 | D:5      | Found a sparkling altar of Nemelex Xobeh.
  5184 | D:5      | Reached XP level 8. HP: 57/57 MP: 12/17
  5358 | D:5      | Learned a level 4 spell: Fulminant Prism
  5363 | D:5      | Learned a level 4 spell: Iskenderun's Mystic Blast
  5434 | D:5      | Reached skill level 8 in Conjurations
  5992 | D:5      | Found an iron altar of Okawaru.
  6115 | D:6      | Noticed Duvessa
  6115 | D:6      | Noticed Dowan
  6124 | D:6      | Killed Duvessa
  6124 | D:6      | Reached skill level 1 in Fighting
  6125 | D:6      | Killed Dowan
  6125 | D:6      | Reached skill level 1 in Hexes
  6368 | D:6      | Noticed Edmund
  6407 | D:6      | Killed Edmund
  6801 | D:6      | Found Ytokan's Jewellery Shop.
  6808 | D:6      | Bought a cursed -4 ring of evasion for 30 gold pieces
  6808 | D:6      | Bought a cursed -4 ring of intelligence for 30 gold pieces
  6961 | D:6      | Reached XP level 9. HP: 68/68 MP: 13/20
  7020 | D:6      | Found Norakh's Antique Armour Shoppe.
  7023 | D:6      | Bought a glowing cloak for 202 gold pieces
  7380 | D:7      | Found Acyxapr Qauh's Magic Scroll Shoppe.
  7389 | D:7      | Bought a scroll of teleportation for 39 gold pieces
  7444 | D:7      | Found a staircase to the Ecumenical Temple.
  7495 | D:7      | Reached skill level 9 in Conjurations
  7535 | Temple   | Entered the Ecumenical Temple
  7620 | Temple   | Became a worshipper of Vehumet
  7713 | D:7      | Found Deeroryd's Weapon Boutique.
  7804 | D:7      | Found Tuafecugagh's Weapon Boutique.
  8231 | D:7      | Found a runed translucent door.
  8232 | D:7      | Noticed Crazy Yiuf
  8238 | D:7      | Killed Crazy Yiuf
  8454 | D:8      | Reached skill level 1 in Translocations
  8509 | D:8      | Reached skill level 1 in Evocations
  8682 | D:8      | Noticed a two-headed ogre
  8699 | D:8      | Killed a two-headed ogre
  8978 | D:8      | Reached XP level 10. HP: 73/78 MP: 12/22
  9081 | D:8      | Found a staircase to the Lair.
  9247 | D:8      | Found Alerphom's Antique Armour Shoppe.
  9403 | D:8      | Found a basalt altar of Yredelemnul.
  9416 | D:8      | Reached * piety under Vehumet
  9416 | D:8      | Offered knowledge of Freeze by Vehumet.
  9499 | D:8      | Identified the Catalogue of Supportive Flames
  9502 | D:8      | Identified a scroll of acquirement
  9503 | D:8      | Acquired 1480 gold pieces
  9746 | D:8      | Bought a pair of slimy boots for 294 gold pieces
  9756 | D:8      | Identified the +2 pair of boots of the Eight Boll Weevils
                  | {Str-2 Dex+4 Slay+5} (You bought it in a shop on level 8 of
                  | the Dungeon)
  9799 | D:7      | Bought a scroll of identify for 26 gold pieces
  9799 | D:7      | Bought a scroll of identify for 26 gold pieces
  9799 | D:7      | Bought a scroll of identify for 26 gold pieces
  9799 | D:7      | Bought a scroll of identify for 26 gold pieces
  9799 | D:7      | Bought a scroll of identify for 26 gold pieces
  9852 | D:9      | Found a staircase to the Orcish Mines.
 11045 | D:10     | Entered Level 10 of the Dungeon
 11085 | D:10     | Reached skill level 10 in Conjurations
 11496 | D:10     | Noticed Fannar
 11503 | D:10     | Noticed a two-headed ogre
 11638 | D:10     | Killed Fannar
 11638 | D:10     | Reached skill level 5 in Fighting
 12140 | D:10     | Killed a two-headed ogre
 12140 | D:10     | Reached XP level 11. HP: 12/86 MP: 24/24
 12626 | D:11     | Killed an unseen horror
 12626 | D:11     | Reached skill level 5 in Dodging
 12730 | D:11     | Noticed a centaur warrior
 12736 | D:11     | Reached ** piety under Vehumet
 12737 | D:11     | Killed a centaur warrior
 12737 | D:11     | Offered knowledge of Shock by Vehumet.
 13399 | D:11     | Offered knowledge of Conjure Flame by Vehumet.
 13407 | D:11     | Learned a level 5 spell: Fireball
 13723 | Lair:1   | Entered Level 1 of the Lair of Beasts
 13762 | Lair:1   | Reached skill level 11 in Conjurations
 13809 | Lair:1   | Reached skill level 1 in Fire Magic
 14032 | Lair:1   | Noticed a four-headed hydra
 14040 | Lair:1   | Killed a four-headed hydra
 14040 | Lair:1   | Reached skill level 5 in Hexes
 14231 | Lair:1   | Reached *** piety under Vehumet
 14556 | Lair:1   | Reached skill level 10 in Spellcasting
 14695 | Lair:2   | Killed from afar by a rime drake

Illustrated notes

Levels and vault maps discovered:
D:1:      dpeg_arrival_shrine, layout_loops_cross
D:2:      layout_basic, old_standard_altar,
          chequers_temple_overflow_statue_of_worship, first_ration,
          solitary_fountain, nicolae_qazlal_general_emergency, uniq_robin
D:3:      layout_loops_ring, chequers_serial_rivers_room_a, patterned_corridor
D:4:      layout_rooms, gup_sewer_entry_bubbles, minmay_snake_closets
D:5:      layout_loops_corners, nemelex_xobeh_ov_fountains_minmay,
          marbit_many_paths, cheibriados_altar_1
D:6:      minmay_flawed_box, layout_cave_pools, serial_shops, kennysheep_mini,
          minmay_shop_enchanted_jewellery, uniq_duvessa, uniq_edmund
D:7:      layout_basic, minmay_temple_entry_glassed_door, serial_shops,
          nicolae_shop_waterfront, shop_statue, shop, uniq_crazy_yiuf_cottage
D:8:      layout_loops_ring, yredelemnul_altar_generic, lair_entry_dummy,
          serial_shops, shop
D:9:      layout_layer_cave, david_orc_2, hangedman_fish_farm
D:10:     layout_rooms, minmay_statues_item, uniq_fannar
D:11:     layout_roguey, minmay_holes
Temple:   compressed_dpeg_circular_temple
Lair:1:   layout_roguey, serial_bayou_shore_a
Lair:2:   layout_chaotic_city, skrybe_swamp_entry_bodies,
          chequers_serial_rivers_room_b, disabler_island, serial_bayou_shore_b,
          minmay_lair_oklob_chamber, infiniplex_staircase_pool_2,
          lemuel_fruit_fields

Skill      XL: |  1  2  3  4  5  6  7  8  9 10 11 |
---------------+----------------------------------+-----
Spellcasting   | 3 4 5 6 7 8 9 10 | 10.0
Conjurations   | 5 6 7 8 9 10 11 | 11.2
Dodging        | 3 4 5 |  5.6
Fighting       | 2 3 5 6 |  6.2
Hexes          | 2 3 4 5 |  5.0
Translocations | 2 3 4 |  4.8
Evocations     | 2 3 4 |  4.8
Fire Magic     | 3 |  3.0
Stealth        | |  1.7

Action                   |  1- 3 |  4- 6 |  7- 9 | 10-12 || total
-------------------------+-------+-------+-------+-------++-------
Melee: Club              |    11 |       |       |       ||    11
       Dagger            |    21 |    38 |    52 |       ||   111
       Tailslap          |     2 |     1 |     8 |     6 ||    17
       Flail             |       |       |    43 |    53 ||    96
Throw: Dart              |       |       |     6 |     2 ||     8
 Cast: Magic Dart        |    66 |   137 |   269 |   100 ||   572
       Searing Ray       |     1 |       |    16 |    35 ||    52
       Fulminant Prism   |       |       |       |    29 ||    29
       Fireball          |       |       |       |     6 ||     6
 Abil: Breathe Fire      |       |       |    11 |    11 ||    22
Evoke: Wand              |       |     4 |       |       ||     4
  Use: Potion            |       |     1 |       |       ||     1
       Scroll            |       |       |     8 |    11 ||    19
 Stab: Sleeping          |       |       |     1 |       ||     1
  Eat: Chunk             |     3 |     7 |    17 |    19 ||    46
       Ration            |       |       |       |     1 ||     1
Armor: Skin              |    12 |    31 |    44 |   106 ||   193
Dodge: Dodged            |    34 |    61 |   118 |   129 ||   342
